Map: 썬더버드 - 래더

Players

Bunny

  • Race: Terran Terran
  • League: Diamond
  • Spawn Location: 5:00

TYTY (TY) - Winner!

  • Race: Terran Terran
  • League: Diamond
  • Spawn Location: 11:00

Event: HomeStory Cup XIX

VOD

Have the link to the VOD?

Description

Time

  • Played on: June 28, 2019, 9:54 a.m.
  • Length: 23:47

All games in this series

Show
View Real Time Build Order
Export as new Build Order

Bunny Terran 

Build Orders: Mech 

Get SALT Encoding   

  12  0:00  SCV  
  13  0:12  SCV  
  14  0:17  Supply Depot  
  14  0:24  SCV  
  15  0:39  SCV  
  15  0:40  Barracks  
  16  0:51  SCV  
  17  1:03  SCV  
  18  1:13  Command Center  
  18  1:16  SCV  
  19  1:27  Marine  
  19  1:29  Orbital Command  
  20  1:36  Bunker  
  20  1:44  Marine  
  20  1:45  Refinery  
  21  1:52  Supply Depot  
  21  1:58  SCV  
  21  1:59  Refinery  
  22  2:03  Marine  
  23  2:13  SCV  
  24  2:21  Marine  
  25  2:25  Orbital Command  
  25  2:27  SCV  
  26  2:37  Factory  
  26  2:39  SCV  
  27  2:46  Barracks Reactor  
  27  2:51  SCV x2  
  29  3:03  SCV x2  
  31  3:07  Command Center  
  31  3:17  SCV x2  
  33  3:20  Factory Tech Lab  
  33  3:23  Starport  
  33  3:24  Marine x2  
  35  3:30  SCV x2  
  35  3:31  Refinery  
  37  3:36  Supply Depot  
  37  3:40  Cyclone  
  40  3:43  SCV  
  40  3:44  SCV  
  42  3:53  Refinery  
  42  3:55  SCV  
  43  3:57  SCV  
  43  3:58  Supply Depot  
  43  3:59  Starport Tech Lab  
  44  4:07  SCV  
  44  4:09  SCV  
  46  4:13  Siege Tank  
  49  4:19  Raven, SCV  
  49  4:20  Orbital Command  
  49  4:21  SCV  
  53  4:31  SCV, Factory  
  53  4:33  SCV  
  53  4:35  Barracks Reactor  
  54  4:43  Engineering Bay, SCV  
  54  4:45  SCV  
  56  4:46  Siege Tank  
  59  4:55  Orbital Command  
  59  4:57  SCV x2  
  62  5:04  Raven  
  63  5:10  SCV x2  
  63  5:12  Supply Depot  
  65  5:15  Refinery, Hellion x2  
  65  5:18  Siege Tank, Refinery  
  65  5:21  SCV  
  73  5:22  SCV x2  
  75  5:31  Bunker, Armory  
  75  5:33  SCV  
  75  5:34  SCV x2  
  78  5:36  Supply Depot  
  78  5:38  Armory  
  78  5:39  Hellion x2  
  82  5:45  SCV  
  82  5:46  SCV x2  
  85  5:55  Factory  
  85  5:58  SCV x3  
  85  6:00  Supply Depot  
  88  6:04  Viking x2  
  88  6:06  Supply Depot  
  88  6:10  SCV  
  93  6:12  Supply Depot  
  93  6:20  Factory  
  93  6:21  SCV x2, Factory  
  93  6:23  Terran Vehicle Weapons Level 1  
  95  6:25  Terran Vehicle And Ship Armor Level 1  
  95  6:28  SCV  
  95  6:32  Siege Tank  
  96  6:33  SCV x2  
  96  6:35  Viking  
  96  6:36  Viking  
  98  6:49  Starport  
  98  6:50  Starport  
  98  6:52  Command Center  
  98  6:54  SCV x3  
  101  6:57  Starport  
  104  7:01  Siege Tank  
  104  7:03  Hellion x2  
  108  7:11  Sensor Tower  
  108  7:15  Supply Depot  
  108  7:16  Factory Reactor, Factory Tech Lab  
  108  7:19  Viking  
  108  7:20  Viking  
  112  7:28  Missile Turret  
  112  7:29  Starport Tech Lab  
  112  7:30  Starport Reactor  
  112  7:32  Hellion x2  
  116  7:37  Viking, Supply Depot  
  116  7:38  Supply Depot  
  116  7:42  Siege Tank  
  121  7:44  Siege Tank  
  124  7:55  Supply Depot  
  124  7:57  Supply Depot  
  124  7:59  Viking x2, Supply Depot, Hellion x2  
  124  8:00  Viking, Hellion x4  
  134  8:07  Viking x2  
  134  8:10  Command Center, SCV  
  134  8:11  SCV  
  134  8:12  SCV  
  141  8:17  Viking  
  143  8:23  SCV  
  143  8:24  SCV  
  143  8:26  SCV  
  145  8:29  Viking  
  145  8:32  Viking x2  
  151  8:34  Refinery  
  151  8:37  Viking  
  151  8:40  Refinery  
  153  8:42  Orbital Command  
  153  8:43  Terran Vehicle And Ship Armor Level 2  
  153  8:44  SCV x2  
  153  8:45  SCV  
  153  8:47  Viking  
  158  8:51  Viking  
  160  8:59  SCV  
  160  9:00  SCV x2  
  160  9:02  Command Center  
  163  9:05  Liberator x2  
  163  9:09  SCV  
  164  9:10  Viking x3  
  164  9:11  SCV  
  164  9:12  SCV x2  
  173  9:21  SCV  
  173  9:24  SCV x2  
  168  9:25  Orbital Command  
  168  9:27  Fusion Core  
  168  9:30  Viking  
  147  9:33  SCV  
  147  9:34  SCV  
  147  9:36  SCV x2  
  142  9:40  Viking  
  142  9:41  Siege Tank, Hellion x2  
  142  9:42  Hellion  
  142  9:43  Hellion  
  139  9:47  Hellion x2  
  139  9:50  Viking  
  140  9:56  Viking  
  142  10:00  Viking  
  142  10:05  Terran Ship Weapons Level 1  
  144  10:07  Viking x2  
  144  10:12  Hellion  
  88  10:21  Viking x2  
  149  10:23  Orbital Command  
  149  10:26  Viking  
  155  10:33  Hellion x2  
  155  10:34  Hellion  
  161  10:38  Siege Tank  
  161  10:42  Siege Tank  
  167  10:47  Orbital Command  
  167  10:49  Viking x2  
  171  11:04  Viking x4  
  171  11:09  Refinery, Hellion x2  
  183  11:21  Viking x2  
  183  11:22  Refinery x2  
  187  11:27  Hellion  
  187  11:28  Hellion x2  
  190  11:33  Refinery  
  190  11:34  Viking x2  
  190  11:39  Viking x2  
  198  11:41  Refinery  
  198  11:44  Starport  
  198  11:48  Sensor Tower  
  198  11:50  Infernal Pre-Igniter  
  198  11:51  Viking  
  200  12:01  Viking  
  190  12:04  Viking x2, Hellion  
  190  12:05  Hellion x4  
  190  12:07  Hellion x2  
  162  12:09  Viking  
  162  12:11  Viking  
  152  12:26  Siege Tank, Hellion x4, Planetary Fortress  
  163  12:30  Viking x2  
  163  12:31  Viking  
  163  12:34  Viking  
  163  12:35  SCV  
  172  12:38  Siege Tank x2  
  178  12:47  Terran Ship Weapons Level 2, Liberator x3, SCV, Hellion x2  
  178  12:48  Hellion x2  
  187  12:58  Hellion  
  187  12:59  SCV  
  199  13:06  Advanced Ballistics  
  199  13:08  Hellion  
  199  13:09  Hellion  
  199  13:11  SCV  
  191  13:20  Siege Tank x2  
  191  13:21  Siege Tank  
  191  13:25  Hellion  
  191  13:26  Hellion x2  
  199  13:34  Starport Reactor x2  
  199  13:41  Liberator  
  192  14:21  Terran Vehicle Weapons Level 2  
  192  14:27  Factory x2  
  192  14:30  Factory  
  192  14:31  Hellion  
  192  14:35  Starport  
  192  14:36  Starport x2  
  192  14:41  Viking x4  
  200  14:49  Command Center  
  199  15:10  Command Center  
  199  15:14  Command Center  
  199  15:15  Command Center  
  199  15:22  Viking  
  199  15:23  Viking x4  
  199  15:26  Viking  
  199  15:28  Viking  
  181  15:32  Missile Turret, Terran Ship Weapons Level 3  
  181  15:34  Missile Turret  
  181  15:35  Viking x2  
  168  15:39  Hellion x3  
  155  15:52  Viking  
  155  15:53  Viking x4  
  155  15:56  Viking  
  165  15:57  Viking x2  
  165  16:03  Viking  
  171  16:05  Planetary Fortress  
  167  16:14  Viking x2, Liberator x2  
  167  16:17  Missile Turret  
  170  16:20  Liberator  
  170  16:25  Viking x3  
  170  16:30  Liberator  
  166  16:37  Terran Vehicle And Ship Armor Level 3  
  160  16:44  Orbital Command  
  160  16:45  Orbital Command  
  163  16:55  Viking x2  
  163  17:00  Liberator  
  166  17:01  Hellion x2  
  166  17:05  Viking x3  
  170  17:14  Viking x2  
  167  17:31  Viking  
  167  17:35  Hellion  
  167  17:36  Viking x3  
  167  17:37  Viking  
  175  17:42  Viking  
  171  17:49  Viking x2  
  175  17:54  Viking  
  177  18:04  Viking x3  
  183  18:09  Viking x2  
  187  18:21  Missile Turret  
  187  18:28  Viking  
  187  18:29  Viking x3  
  187  18:32  Viking x2  
  199  18:34  Sensor Tower  
  194  18:56  Orbital Command  
  194  19:00  Viking  
  194  19:01  Viking x4  
  198  19:08  Viking  
  195  19:25  Factory Tech Lab  
  195  19:28  Viking  
  195  19:29  Viking x4  
  144  19:43  Viking x4  
  127  19:56  Cyclone x2  
  127  19:59  Cyclone  
  136  20:04  Cyclone  
  138  20:14  Viking  
  138  20:15  Viking  
  141  20:22  Hellion x2  
  145  20:30  Cyclone x2  
  151  20:36  Mag-Field Accelerator  
  151  20:40  Cyclone  
  152  20:44  Cyclone  
  152  20:49  Hellion x3  
  153  20:50  Liberator  
  153  20:52  Hellion  
  153  20:58  Viking x2  
  157  21:05  Cyclone  
  155  21:32  Viking x5  
  152  21:41  Cyclone x2  
  152  21:42  Orbital Command  
  158  21:50  Cyclone  
  158  21:57  Viking  
  160  22:03  Viking  
  156  22:16  Viking  
  152  22:42  Viking  
  138  22:53  Viking  
  142  23:05  Cyclone  
Show
View Real Time Build Order
Export as new Build Order

TYTY Terran - Winner!

Build Orders: Gas First Reaper Expand 

Get SALT Encoding   

  12  0:00  SCV  
  13  0:12  SCV  
  14  0:17  Supply Depot  
  14  0:24  SCV  
  14  0:27  Refinery  
  15  0:38  SCV  
  16  0:44  Barracks  
  16  0:50  SCV  
  17  1:02  SCV  
  18  1:14  SCV  
  19  1:31  Reaper  
  19  1:32  Orbital Command  
  20  1:44  Command Center  
  20  1:54  Supply Depot  
  20  1:58  SCV  
  21  2:10  SCV  
  22  2:22  Command Center  
  22  2:23  SCV  
  23  2:33  Factory  
  23  2:34  Barracks Reactor  
  23  2:38  SCV  
  23  2:42  Refinery  
  24  2:50  SCV  
  25  2:56  Orbital Command  
  25  3:02  SCV  
  26  3:11  Marine  
  26  3:12  Marine  
  28  3:14  SCV  
  28  3:16  Factory Tech Lab, Starport  
  29  3:22  SCV  
  29  3:26  SCV  
  31  3:29  Marine  
  31  3:30  Marine  
  33  3:34  Orbital Command  
  33  3:35  SCV  
  33  3:38  SCV  
  35  3:47  Refinery, SCV  
  35  3:48  Marine x2  
  37  3:52  SCV  
  37  3:53  Factory Tech Lab  
  39  3:58  Raven  
  39  3:59  SCV  
  39  4:00  SCV  
  43  4:04  SCV  
  43  4:05  Refinery  
  43  4:06  Marine x2  
  46  4:11  SCV  
  46  4:12  SCV  
  46  4:14  Siege Tank  
  46  4:16  SCV  
  52  4:23  Marine, SCV  
  52  4:24  Marine, SCV  
  54  4:26  Supply Depot  
  54  4:29  SCV, Supply Depot  
  57  4:35  SCV  
  57  4:36  SCV  
  59  4:40  Supply Depot  
  59  4:41  SCV  
  60  4:46  Marine  
  60  4:47  Raven, Marine  
  60  4:48  SCV  
  60  4:51  Siege Tank  
  68  4:53  SCV x2  
  69  5:00  Barracks  
  69  5:02  Barracks, SCV  
  69  5:05  SCV  
  69  5:06  Marine, SCV  
  69  5:07  Marine  
  74  5:14  SCV  
  74  5:15  Refinery  
  74  5:17  SCV  
  74  5:18  SCV  
  77  5:24  Refinery  
  77  5:26  SCV  
  77  5:27  Supply Depot  
  81  5:29  SCV, Supply Depot  
  81  5:34  SCV  
  83  5:36  Supply Depot  
  83  5:37  Stimpack, Viking  
  83  5:38  Viking  
  83  5:40  SCV  
  85  5:48  Starport  
  85  5:49  SCV x2  
  87  5:50  Starport  
  87  5:51  Barracks Tech Lab, Barracks Reactor  
  87  5:52  SCV  
  87  5:55  Siege Tank  
  91  6:01  SCV  
  91  6:02  SCV  
  93  6:07  Viking  
  93  6:08  Viking  
  93  6:10  Marauder, Supply Depot  
  93  6:11  Marauder  
  100  6:16  SCV x2  
  100  6:17  SCV  
  103  6:23  Supply Depot x2  
  103  6:26  Starport Reactor  
  103  6:27  Starport Tech Lab  
  103  6:28  SCV x2  
  108  6:43  SCV x2  
  108  6:44  Viking x2  
  111  6:48  Marine x2  
  111  6:51  Fusion Core  
  111  6:53  Siege Tank  
  120  6:54  Viking  
  120  6:55  SCV x2  
  124  7:03  Marine x2  
  124  7:06  Viking x2  
  124  7:07  Marine x2  
  124  7:08  Combat Shield  
  128  7:10  Command Center  
  128  7:14  Supply Depot  
  128  7:15  Supply Depot  
  128  7:17  Viking x2  
  128  7:18  Liberator  
  128  7:21  SCV  
  133  7:23  Liberator, Supply Depot  
  133  7:24  Supply Depot  
  136  7:38  Advanced Ballistics, Supply Depot, Engineering Bay  
  136  7:40  Supply Depot  
  136  7:41  Marine x3  
  136  7:42  Marine  
  66  7:44  Viking  
  143  7:46  SCV x3  
  148  7:52  Viking  
  148  7:53  Viking  
  152  8:03  SCV x3  
  155  8:10  Armory, Terran Infantry Weapons Level 1  
  155  8:15  Viking, Missile Turret x2  
  155  8:19  SCV  
  159  8:20  SCV  
  159  8:22  Viking x2, Command Center  
  163  8:28  Siege Tank  
  163  8:30  SCV  
  163  8:31  Orbital Command  
  163  8:32  SCV x2  
  168  8:34  Refinery  
  168  8:35  Refinery  
  168  8:36  Viking  
  168  8:40  Viking  
  172  8:42  SCV  
  172  8:44  SCV x2  
  172  8:45  Marine x2  
  172  8:46  Marine x2  
  179  8:52  Viking  
  179  8:53  Viking  
  179  8:54  SCV  
  183  9:04  Viking  
  183  9:06  Viking  
  183  9:07  Terran Vehicle And Ship Armor Level 1  
  183  9:08  SCV  
  183  9:09  SCV x2  
  187  9:22  Viking x2  
  167  9:28  Siege Tank  
  167  9:29  Marine x3  
  157  9:35  Marine  
  141  9:40  Viking x2  
  141  9:41  SCV x3  
  140  9:47  Marine x2, SCV  
  140  9:51  Viking  
  140  9:52  Viking x2  
  145  9:53  SCV x3  
  150  10:12  Viking x2  
  150  10:13  Siege Tank  
  158  10:14  SCV  
  158  10:17  Marine x4  
  164  10:21  Viking  
  164  10:24  Planetary Fortress  
  164  10:30  Sensor Tower  
  164  10:34  Viking  
  164  10:35  Marine x2  
  170  10:36  Liberator x4  
  170  10:40  Smart Servos  
  170  10:43  Marine x2  
  170  10:47  Refinery, Missile Turret, Sensor Tower  
  170  10:48  Missile Turret, SCV  
  170  10:49  Refinery, SCV x3  
  176  10:50  Liberator  
  176  10:51  Command Center  
  176  10:52  Command Center, Missile Turret  
  177  10:59  Siege Tank  
  176  11:09  Marine x3, Command Center  
  176  11:10  SCV x3  
  185  11:11  Terran Vehicle And Ship Armor Level 2  
  185  11:14  Armory  
  185  11:16  Marine  
  186  11:18  Liberator  
  185  11:26  Marine  
  185  11:27  Marine  
  185  11:31  Siege Tank  
  188  11:38  Viking x3  
  194  11:43  Command Center  
  194  11:48  Starport  
  194  11:49  Starport  
  194  11:50  Command Center  
  194  11:54  Viking  
  185  12:02  Marine  
  185  12:03  Marine  
  185  12:04  Siege Tank  
  148  12:08  Viking x3, SCV x2  
  148  12:14  Marine x2  
  145  12:18  Viking  
  145  12:24  Viking  
  145  12:25  Orbital Command  
  145  12:27  Orbital Command  
  147  12:35  Missile Turret  
  147  12:36  Starport Reactor x2  
  147  12:38  Viking x2  
  147  12:39  Raven  
  147  12:41  Siege Tank  
  156  12:45  Planetary Fortress  
  156  12:48  Viking, Missile Turret  
  158  12:54  Viking  
  160  13:01  SCV  
  160  13:02  Orbital Command, SCV  
  162  13:07  Planetary Fortress  
  162  13:08  Viking  
  162  13:09  Viking  
  162  13:10  SCV x2  
  162  13:11  SCV x2, Missile Turret  
  162  13:12  Refinery, Missile Turret  
  170  13:14  SCV x2  
  170  13:18  Viking  
  173  13:22  SCV x2  
  173  13:23  SCV x2  
  173  13:25  Drilling Claws  
  173  13:28  Viking x5, Factory  
  173  13:29  Viking  
  185  13:35  Unknown  
  185  13:37  Unknown  
  185  13:38  Missile Turret  
  185  13:40  Widow Mine  
  187  13:42  Viking x2  
  191  13:48  Viking  
  193  13:58  Viking, SCV x2  
  193  14:01  Viking x4  
  200  14:03  Widow Mine  
  198  14:13  Widow Mine x2  
  195  14:22  Viking x3  
  200  14:26  Starport  
  200  14:28  Starport  
  200  14:34  Terran Ship Weapons Level 1, Terran Vehicle And Ship Armor Level 3  
  200  14:35  Liberator x3  
  200  14:37  Missile Turret  
  197  14:38  Missile Turret  
  196  14:47  Refinery  
  196  14:48  Viking x2  
  194  14:58  Command Center  
  194  14:59  Command Center  
  196  15:08  Liberator x2  
  196  15:09  Starport Tech Lab  
  196  15:10  Starport Tech Lab  
  196  15:18  Liberator  
  193  15:23  Widow Mine x2  
  193  15:24  Viking x3  
  181  15:30  Liberator  
  181  15:32  SCV x2  
  181  15:33  SCV  
  181  15:34  Widow Mine  
  180  15:38  SCV  
  180  15:40  SCV x2  
  184  15:44  Widow Mine x2  
  183  15:51  SCV x4  
  183  15:52  Orbital Command, SCV  
  186  16:03  SCV x2, Missile Turret  
  188  16:13  Battlecruiser x2  
  188  16:14  Battlecruiser  
  191  16:28  Viking x6  
  191  16:29  Viking  
  191  16:30  Viking  
  177  16:43  Widow Mine x3  
  183  16:50  Missile Turret  
  183  16:51  Missile Turret  
  183  16:58  Viking x4  
  187  17:03  SCV x2  
  174  17:19  Battlecruiser x2  
  174  17:21  Viking x3  
  174  17:22  Viking  
  193  17:31  Widow Mine x2  
  193  17:37  Viking x2  
  177  17:47  Viking x2  
  182  17:59  Terran Ship Weapons Level 2  
  182  18:01  Weapon Refit  
  182  18:04  SCV  
  182  18:05  SCV x2  
  185  18:08  Command Center  
  179  18:23  Battlecruiser  
  191  18:28  Raven x2  
  187  18:36  Orbital Command  
  187  18:39  Widow Mine x3  
  193  18:41  Viking x3  
  199  19:06  Viking x4  
  195  19:22  Viking x2  
  197  19:27  Viking x2  
  197  19:28  Viking x2  
  179  19:37  Widow Mine x2  
  157  19:41  Viking  
  157  19:42  Viking x2  
  141  19:54  Viking x2  
  141  19:55  Viking x2  
  149  20:03  SCV x2  
  151  20:09  Raven x2  
  151  20:10  Widow Mine  
  151  20:11  Widow Mine  
  159  20:17  SCV x3  
  165  20:26  Widow Mine  
  164  20:30  SCV x3  
  169  20:49  Starport Tech Lab, Terran Ship Weapons Level 3  
  167  20:53  Sensor Tower, Planetary Fortress  
  167  20:54  Battlecruiser x2  
  179  21:02  Widow Mine x2, Battlecruiser  
  179  21:03  Widow Mine  
  189  21:08  SCV x3  
  190  21:24  Widow Mine  
  192  21:27  Battlecruiser  
  192  21:28  Widow Mine x2  
  190  21:39  Refinery, Battlecruiser  
  190  21:41  Refinery  
  188  21:48  Widow Mine  
  190  21:58  Battlecruiser  
  192  22:03  Battlecruiser  
  192  22:04  Refinery x2  
  194  22:20  Battlecruiser  
  196  22:26  Sensor Tower  
  192  22:33  Battlecruiser  
  194  22:51  SCV  
  197  22:55  Widow Mine x2  
Tags
 
Add a new tag
Caveats
  • Supply blocks, unpowered buildings, or Contaminate may cause inaccurate times.
  • Supply counts are checked every 10 seconds.